Unix NetHack Version 3.7.0-65 Work-in-progress - last build Sep 26 2022 05:48:34 (a9070be95fe145525c880ceec589f5104d392f49,branch:master). Game began 2022-09-27 06:57:54, ended 2022-09-27 07:17:22. RaijinKnight, chaotic female elven Wizard ---- |..-- ----...-- ---<|.....-- |..........| - |..---.|@.-- |. -----------r--- -.......)..[........| |.... ---------.-..... -- -.. ........- .---.-- .....| --- -- -- .... ...... ....- -- RaijinKnight the Conjurer St:11 Dx:12 Co:13 In:20 Wi:9 Ch:10 Chaotic S:519 Dlvl:5 $:71 HP:0(24) Pw:1(20) AC:8 Xp:3/62 T:1379 Latest messages: The door opens. You miss the gnome zombie. In what direction? 9 The spell hits the gnome zombie! You destroy the gnome zombie! You descend the stairs. The kitten bites the gnome. The gnome is killed! In what direction? 4 The spell hits the dwarf! You kill the dwarf! Welcome to experience level 3. The gnome shoots 2 crossbow bolts! You are hit by the 1st crossbow bolt. You are hit by the 2nd crossbow bolt. In what direction? 4 The spell hits the gnome! You kill the gnome! A yellow potion shatters! In what direction? 4 The spell hits the gnome! You kill the gnome! A sky blue potion shatters! There is a dwarf corpse here; eat it? [ynq] (n) y This dwarf corpse tastes okay. You stop eating the dwarf corpse. There is a partly eaten dwarf corpse here; eat it? [ynq] (n) y You resume your meal. The kitten picks up a crossbow bolt. The kitten bites the gnome. The gnome misses the kitten. The kitten bites the gnome. The gnome is killed! The kitten eats a gnome corpse. You finish eating the dwarf corpse. B - a dagger (3 in total). You stop. Your kitten is in the way! You swap places with your kitten. You don't have enough energy to cast that spell. The rabid rat bites! In what direction? 2 The spell hits the rabid rat! The rabid rat bites! What do you want to write with? [- ac-eqtuyA-C or ?*] - You write in the dust with your fingertip. What do you want to write in the dust here? Elbereth The rabid rat bites! The rabid rat's bite was poisoned! You die... Do you want your possessions identified? [ynq] (y) q Inventory: Coins $ - 71 gold pieces Weapons B - 3 +0 daggers (wielded) y - a +0 orcish dagger a - a blessed +1 quarterstaff Armor z - an uncursed +3 orcish helm b - an uncursed +1 cloak of magic resistance (being worn) Comestibles x - an uncursed clove of garlic Scrolls w - an uncursed scroll of genocide p - an uncursed scroll of gold detection o - an uncursed scroll of light i - an uncursed scroll of stinking cloud s - an uncursed scroll of teleportation Spellbooks l - a blessed spellbook of force bolt m - an uncursed spellbook of identify Potions g - an uncursed potion of invisibility h - an uncursed potion of object detection r - an uncursed potion of oil f - an uncursed potion of paralysis D - an uncursed potion of restore ability v - an uncursed potion of sickness Rings d - an uncursed ring of searching e - an uncursed ring of see invisible Wands t - a wand of cancellation (0:3) c - a wand of light (0:15) q - a wand of light (0:12) Tools n - an uncursed wooden flute Gems/Stones A - an uncursed worthless piece of green glass u - an uncursed worthless piece of yellow glass C - an uncursed worthless piece of yellowish brown glass RaijinKnight the Wizard's attributes: Background: You were a Conjurer, a level 3 female elven Wizard. You were chaotic, on a mission for Anhur who was opposed by Ptah (lawful) and Thoth (neutral). You were in the Gnomish Mines, on level 5. You entered the dungeon 1379 turns ago. There was a new moon in effect when your adventure ended. You had 62 experience points, 18 more were needed to attain level 4. Your score was 519 before end-of-game adjustments. Basics: You had 0 out of 24 hit points. You had 1 out of 20 energy points (spell power). Your armor class was 8. Your wallet contained 71 zorkmids. Autopickup was off. Final Characteristics: Your strength was 11 (limit:18). Your dexterity was 12 (limit:18). Your constitution was 13 (limit:16). Your intelligence was 20 (limit:20). Your wisdom was 9 (limit:20). Your charisma was 10 (limit:18). Final Status: You were not hungry. You were unencumbered. You were wielding daggers. You were unskilled in dagger. Final Attributes: You were devoutly aligned. You were magic-protected. You had infravision. You were warded. You are dead. Miscellaneous: You never encountered a bones level. Total elapsed playing time was 19 minutes and 24 seconds. Major events: Turn 1: RaijinKnight the chaotic female elven Wizard entered the dungeon 1321: entered the Gnomish Mines 1341: attained the rank of Conjurer (level 3) 1379: killed by a rabid rat Vanquished creatures: a shrieker a dwarf 2 orc zombies an acid blob 2 hobbits 4 gnomes a gnome zombie 3 geckos 3 jackals a fox a goblin a sewer rat 4 grid bugs 3 newts 28 creatures vanquished. No species were genocided or became extinct. Voluntary challenges: You read items or engraved 4 times. You engraved Elbereth 1 time. You never genocided any monsters. You never polymorphed an object. You never changed form. You used no wishes. Achievements: You entered the Gnomish Mines. You attained the rank of Conjurer. The Dungeons of Doom: levels 1 to 5 Level 1: Level 2: A sink. Level 3: A fountain. Level 4: Stairs down to The Gnomish Mines. Level 5: The Gnomish Mines: Level 5: <- You were here. Final resting place for you, killed by a rabid rat. Game over: ---------- / \ / REST \ / IN \ / PEACE \ / \ | RaijinKnight | | 71 Au | | killed by a | | rabid rat | | | | | | 2022 | *| * * * | * _________)/\\_//(\/(/\)/\//\/|_)_______ Goodbye RaijinKnight the Wizard... You died in The Gnomish Mines on dungeon level 5 with 512 points, and 71 pieces of gold, after 1379 moves. You were level 3 with a maximum of 24 hit points when you died.